 Dungeon Crawl Stone Soup version 0.21-a0-210-gbfa5647 (webtiles) character file.

3315 Ijustatesigmund the Cleaver (level 9, -8/79 HPs)
             Began as a Minotaur Fighter on Aug 21, 2017.
             Was a Believer of Cheibriados.
             Killed from afar by an electric eel (12 damage)
             ... with a bolt of electricity
             ... on level 7 of the Dungeon.
             The game lasted 00:12:38 (5800 turns).

Ijustatesigmund the Cleaver (Minotaur Fighter)      Turns: 5800, Time: 00:12:40

Health: -8/79      AC: 14    Str: 26    XL:     9   Next: 70%
Magic:  10/10      EV:  9    Int:  9    God:    Cheibriados [**....]
Gold:   243        SH: 12    Dex: 16    Spells: 8/8 levels left

rFire    . . .     SeeInvis .   a - +0 war axe
rCold    + . .     Gourm    .   c - +0 shield
rNeg     . . .     Faith    .   b - +0 plate armour
rPois    .         Spirit   .   (helmet restricted)
rElec    .         Reflect  .   n - +0 cloak
rCorr    .         Harm     .   (no gloves)
MR       .....                  (no boots)
Stlth    ..........             (no amulet)
HPRegen  0.23/turn              u - ring of protection from cold
MPRegen  0.12/turn              t - +1 ring of slaying

@: about to teleport, very slow
A: retaliatory headbutt, horns 2
a: Bend Time, Renounce Religion


You were on level 7 of the Dungeon.
You worshipped Cheibriados.
Cheibriados was pleased with you.
You were not hungry.

You visited 2 branches of the dungeon, and saw 8 of its levels.

You collected 243 gold pieces.

Inventory:

Hand Weapons
 a - a +0 war axe (weapon)
Armour
 b - a +0 plate armour (worn)
 c - a +0 shield (worn)
 n - a +0 cloak (worn)
Jewellery
 m - a +5 ring of strength
 t - a +1 ring of slaying (right hand)
 u - a ring of protection from cold (left hand)
Wands
 o - a wand of flame (25/48)
 q - a wand of confusion (19/48)
 w - a wand of disintegration (19/24)
Scrolls
 j - a scroll of identify
 p - a scroll of amnesia
 s - 2 scrolls of teleportation
Potions
 e - 2 potions of flight
 h - 4 potions of curing
 l - a potion of agility {unknown}
 r - a potion of might
 v - a potion of brilliance
Comestibles
 f - 4 bread rations
 g - 6 meat rations
 i - 2 royal jellies


   Skills:
 + Level 7.2 Fighting
 + Level 9.6 Axes
 - Level 7.2 Armour
 - Level 5.6 Dodging
 - Level 7.3 Shields
 + Level 3.9 Invocations


You had 8 spell levels left.
You didn't know any spells.

Dungeon Overview and Level Annotations

Branches:
Dungeon (7/15)             Temple (1/1) D:5

Altars:
Ashenzari
Cheibriados
Dithmenos
Elyvilon
Fedhas
Hepliaklqana
Kikubaaqudgha
Makhleb
Nemelex Xobeh
Okawaru
Qazlal
Ru
Sif Muna
Trog
Uskayaw
Vehumet
Wu Jian
Xom
Yredelemnul
Zin

Shops:
D:5 =

Annotations:
D:7 Joseph, Prince Ribbit


Innate Abilities, Weirdness & Mutations

You reflexively headbutt those who attack you in melee.
You have a pair of horns on your head.


Message History

The bolt of electricity hits you!
Evoke which item? (* to show all) (? for menu, Esc to quit)
Aiming: Confuse (will waste charges)
Press: ? - help, Shift-Dir - straight line, f - electric eel
Aim: an electric eel (chance to defeat MR: 54%)
The electric eel resists with significant effort.
Evoking this partially-identified wand wasted a few charges.
The electric eel shoots out a bolt of lightning at you!
The bolt of electricity hits you!
* * * LOW HITPOINT WARNING * * *
The electric eel shoots out a bolt of lightning at you!
The bolt of electricity hits you!
* * * LOW HITPOINT WARNING * * *
You block Prince Ribbit's attack. Prince Ribbit hits you.
* * * LOW HITPOINT WARNING * * *
Prince Ribbit closely misses you.
The electric eel shoots out a bolt of lightning at you!
The bolt of electricity hits the plant.
The bolt of electricity hits you!
You die...

≈≈≈≈≈≈≈P≈≈P♣♣#
≈≈≈≈≈≈♣PP≈≈≈P♣.
≈≈≈≈≈≈≈≈≈♣≈≈≈≈≈
≈≈≈≈≈≈≈≈P≈≈♣≈♣♣#
≈≈≈≈≈≈≈≈≈P≈≈≈≈≈
≈≈≈≈≈≈≈≈≈♣≈≈≈♣
≈≈≈≈≈≈≈≈≈≈≈P♣
≈≈;≈≈≈;F§≈♣P#
♣≈≈≈≈≈;P@≈#.# ##
≈≈≈≈≈≈P♣♣.#.############^
♣♣♣≈♣## #.#.##........ ..
# #.#.##.####### #.
#........# ####.
##................ #.
#.......######.##.
.#.o##### ##)....## #.##.
#P..PP..### #....## #.##.


You could see Prince Ribbit and 3 electric eels.

Vanquished Creatures
  The ghost of Slowdrip the Conjurer, a novice OgWz of Kikubaaqudgha (D:7)
  Pikel (D:4)
  Sigmund (D:4)
  A slave (D:4)
  A sky beast (D:5)
  2 orc warriors
  A necrophage (D:6)
  3 ice beasts
  3 phantoms
  An ogre (D:6)
  A bullfrog (D:6)
  A wyvern zombie (D:6)
  A scorpion (D:7)
  A howler monkey (D:4)
  A bullfrog zombie (D:5)
  2 crimson imps (D:5)
  2 hounds
  2 orc priests
  6 orc wizards
  A bullfrog skeleton (D:5)
  Terence (D:3)
  10 worker ants
  6 gnolls (D:5)
  A howler monkey skeleton (D:6)
  12 adders
  4 oozes
  An adder zombie (D:7)
  2 worms
  A dart slug (D:1)
  5 leopard geckos
  26 orcs
  2 bats
  A bat zombie (D:5)
  5 giant cockroaches
  6 hobgoblins
  13 jackals
  2 quokkas (D:3)
  6 frilled lizards
  6 goblins
  9 kobolds
  A quokka zombie (D:6)
  7 rats
  A rat zombie (D:5)
161 creatures vanquished.

Vanquished Creatures (others)
  3 slaves (D:4)
  A hound (D:4)
  An orc wizard (D:4)
  An ooze (D:4)
  A leopard gecko (D:4)
  2 orcs (D:4)
  A hobgoblin (D:3)
  2 plants (D:7)
12 creatures vanquished.

Grand Total: 173 creatures vanquished

Notes
Turn   | Place    | Note
-------+----------+-------------------------------------------
     0 | D:1      | Ijustatesigmund the Minotaur Fighter began the quest for the Orb.
     0 | D:1      | Reached XP level 1. HP: 19/19 MP: 0/0
   207 | D:1      | Reached skill level 3 in Axes
   207 | D:1      | Reached XP level 2. HP: 27/27 MP: 1/1
   729 | D:1      | Reached XP level 3. HP: 29/33 MP: 2/2
  1038 | D:2      | Reached skill level 4 in Axes
  1102 | D:2      | Reached XP level 4. HP: 36/41 MP: 3/3
  1365 | D:3      | Found a white marble altar of Elyvilon.
  1416 | D:3      | Found a bloodstained altar of Trog.
  1507 | D:3      | Found a shattered altar of Ashenzari.
  1557 | D:3      | Noticed Terence
  1563 | D:3      | Killed Terence
  1563 | D:3      | Reached skill level 5 in Fighting
  1563 | D:3      | Reached skill level 5 in Axes
  1826 | D:3      | Reached XP level 5. HP: 48/48 MP: 4/4
  1961 | D:3      | Found an iron altar of Okawaru.
  2288 | D:4      | Noticed Sigmund
  2293 | D:4      | Noticed a slave
  2294 | D:4      | Noticed a slave
  2295 | D:4      | Noticed Pikel
  2295 | D:4      | Noticed a slave
  2295 | D:4      | Killed Sigmund
  2295 | D:4      | Reached XP level 6. HP: 56/56 MP: 5/5
  2305 | D:4      | Noticed a slave
  2305 | D:4      | Killed a slave
  2309 | D:4      | Killed Pikel
  2309 | D:4      | Reached skill level 6 in Axes
  2309 | D:4      | Reached skill level 5 in Armour
  2309 | D:4      | Reached skill level 5 in Shields
  2309 | D:4      | Reached XP level 7. HP: 51/61 MP: 6/6
  2504 | D:4      | Reached skill level 7 in Axes
  2504 | D:4      | Reached XP level 8. HP: 59/68 MP: 7/7
  2750 | D:4      | Found a shadowy altar of Dithmenos.
  2936 | D:5      | Entered Level 5 of the Dungeon
  3108 | D:5      | Found a shimmering altar of Xom.
  3173 | D:5      | Reached skill level 5 in Dodging
  3178 | D:5      | Found a staircase to the Ecumenical Temple.
  3194 | Temple   | Entered the Ecumenical Temple
  3508 | D:5      | Found Coatio's Jewellery Emporium.
  3541 | D:5      | Reached skill level 8 in Axes
  3881 | D:5      | Found an ancient bone altar of Kikubaaqudgha.
  4114 | D:5      | Found a snail-covered altar of Cheibriados.
  4114 | D:5      | Found a burning altar of Makhleb.
  4121 | D:5      | Became a worshipper of Cheibriados the Contemplative
  4261 | D:6      | Reached XP level 9. HP: 73/74 MP: 8/8
  4499 | D:6      | Reached skill level 1 in Invocations
  4555 | D:6      | Reached * piety under Cheibriados
  4666 | D:6      | Found a sparkling altar of Nemelex Xobeh.
  4803 | D:6      | Found a glowing silver altar of Zin.
  4917 | D:6      | Found an ornate altar of the Wu Jian Council.
  5194 | D:7      | Noticed Joseph
  5207 | D:7      | Reached skill level 9 in Axes
  5292 | D:7      | Noticed Slowdrip's ghost (novice OgWz)
  5307 | D:7      | Killed Slowdrip's ghost
  5359 | D:7      | Got a smoking long sword
  5360 | D:7      | Identified the +7 long sword "Vifi" {venom, +Inv} (You found it on level 7 of the Dungeon)
  5510 | D:7      | Reached ** piety under Cheibriados
  5792 | D:7      | Noticed Prince Ribbit
  5800 | D:7      | Killed from afar by an electric eel

Vault maps used:
D:1:      minmay_arrival_open_corners
D:2:      first_bread
D:3:      lemuel_crystal_altar, elyvilon_altar_4, lemuel_doored_altar,
          ashenzari_conservatory_becter, minmay_cut_off, uniq_terence
D:4:      kennysheep_mini, uniq_sigmund, uniq_pikel
D:5:      marbit_many_paths, gammafunk_temple_overflow_pools,
          lemuel_zombie_altar_kikubaaqudgha, minmay_temple_entry_hall,
          serial_shops, nicolae_shop_stone
D:6:      zin_statuary, kennysheep_mini_moat, grunt_ministairs_13,
          nemelex_dance_club_becter
D:7:      serial_bayou, serial_bayou_pond_d, serial_bayou_ford_a,
          serial_bayou_shore_b, serial_bayou_shore_a, serial_bayou_lake_a,
          serial_bayou_pond_a, uniq_prince_ribbit1, uniq_joseph
Temple:   compressed_dpeg_triangle_lava_temple

Skill      XL: |  1  2  3  4  5  6  7  8  9 |
---------------+----------------------------+-----
Axes           | 3 4 5 6 7 8 9 |  9.6
Fighting       | 4 5 7 |  7.2
Armour         | 4 5 7 |  7.2
Dodging        | 2 3 4 5 |  5.6
Shields        | 4 5 6 7 |  7.3
Invocations    | 3 |  3.9

Action                   |  1- 3 |  4- 6 |  7- 9 || total
-------------------------+-------+-------+-------++-------
Melee: War axe           |    90 |    73 |   311 ||   474
       Headbutt          |    18 |    15 |    63 ||    96
Evoke: Wand              |       |       |     1 ||     1
  Use: Scroll            |     1 |     4 |     5 ||    10
       Potion            |       |     1 |     9 ||    10
  Eat: Chunk             |       |     5 |     9 ||    14
Armor: Scale mail        |    34 |       |       ||    34
       Plate armour      |    19 |    43 |   132 ||   194
Dodge: Dodged            |    21 |    21 |    76 ||   118
Block: Shield            |    44 |    40 |   169 ||   253

Table legend:
 A = Spawn XP
 B = Non-spawn XP
 C = Spawn XP percentage of total XP
 D = Spawn monster count
 E = Non-spawn monster count
 F = Spawn count percentage of total count
 G = Total turns spent on level
                    A         B        C        D         E        F      G
               +---------+---------+-------+---------+---------+-------+---------
         Total |     416 |    4320 |   8.8 |      15 |     145 |   9.4 |  5800
               +---------+---------+-------+---------+---------+-------+---------
           D:1 |       3 |      45 |   6.2 |       2 |      20 |   9.1 |   835
           D:2 |       3 |      48 |   5.9 |       1 |      14 |   6.7 |   508
           D:3 |       4 |     156 |   2.5 |       3 |      22 |  12.0 |   945
           D:4 |     112 |    1289 |   8.0 |       2 |      27 |   6.9 |   648
           D:5 |      61 |    1036 |   5.6 |       2 |      29 |   6.5 |  1005
           D:6 |     233 |     630 |  27.0 |       5 |      24 |  17.2 |   920
           D:7 |       0 |    1116 |   0.0 |       0 |       9 |   0.0 |   644
               +---------+---------+-------+---------+---------+-------+---------
